 Dungeon Crawl Stone Soup version 0.30-a0-457-g4b7bca3bfa (webtiles) character file.

Game seed: 12807215257613761212

9960 tsouns the Fighter (level 11, -1/91 (110) HPs)
             Began as a Naga Reaver on Dec 13, 2022.
             Was a Follower of Ru.
             Slain by an ogre
             ... wielding a +0 giant club
             ... led by Lodul
              (30 damage)
             ... on level 10 of the Dungeon.
             The game lasted 00:22:53 (10155 turns).

tsouns the Fighter (Naga Reaver)                   Turns: 10155, Time: 00:22:53

HP:   -1/91 (110)   AC:  9    Str: 13    XL:     11   Next: 54%
MP:   22/24         EV:  6    Int: 18    God:    Ru [*.....]
Gold: 446           SH:  7    Dex: 11    Spells: 22/28 levels left

rFire   . . .      SeeInvis +    i - +12 spear "Tuqyl" {vorpal, +Blink rN++ Str-3 Int+3}
rCold   . . .      Faith    .    (no shield)
rNeg    + + .      Spirit   .    u - +2 robe of Forking Paths {rCorr Int-2 Dex+2}
rPois   +          Reflect  +    (no helmet)
rElec   .          Harm     .    B - +0 cloak
rCorr   +          Rampage  .    (no gloves)
Will    +....                    (no barding)
Stlth   +.........               l - amulet of reflection
HPRegen 0.35/turn                t - ring of the Octopus King {rCorr HP+2 AC+2 EV+2 SH+2}
MPRegen 0.19/turn                k - ring of flight

@: flying, heavily drained, very slow
A: AC +3, large, see invisible, deformed body, poison resistance, slowness 2,
spit poison 1, reduced EV 1, naga tail 1
a: Spit Poison, Renounce Religion, Evoke Blink


You were on level 10 of the Dungeon.
You worshipped Ru.
Ru was aware of your devotion.
You visited 2 branches of the dungeon, and saw 11 of its levels.

You collected 446 gold pieces.

Inventory:

Hand Weapons
 i - the +12 spear "Tuqyl" (weapon) {vorpal, +Blink rN++ Str-3 Int+3}
   (You found it on level 2 of the Dungeon)

   It inflicts extra damage upon your enemies.
   Str:       It affects your strength (-3).
   Int:       It affects your intelligence (+3).
   rN:        It greatly protects you from negative energy.
   +Blink:    It lets you blink.
 v - a +3 war axe of electrocution
Missiles
 b - 3 curare-tipped darts
Armour
 j - a scarf of repulsion
 u - the +2 robe of Forking Paths (worn) {rCorr Int-2 Dex+2}
   (You found it on level 3 of the Dungeon)

   Int:       It affects your intelligence (-2).
   Dex:       It affects your dexterity (+2).
   rCorr:     It protects you from acid and corrosion.
 B - a +0 cloak (worn)
Jewellery
 k - a ring of flight (right hand)
 l - an amulet of reflection (around neck)
 t - a ring of the Octopus King (left hand) {rCorr HP+2 AC+2 EV+2 SH+2}
   (You found it on level 8 of the Dungeon)

   [ring of resist corrosion]

   AC:        It affects your AC (+2).
   EV:        It affects your evasion (+2).
   HP:        It affects your health (+2).
   rCorr:     It protects you from acid and corrosion.
   SH:        It affects your SH (+2).
Wands
 w - a wand of roots (7)
 x - a wand of polymorph (19)
 E - a wand of flame (10)
 F - a wand of digging (2)
Scrolls
 a - 2 scrolls of immolation
 c - 3 scrolls of enchant weapon
 f - a scroll of enchant armour
 g - a scroll of fear
 r - a scroll of silence {unknown}
 y - a scroll of fog
 C - a scroll of amnesia {unknown}
 D - 2 scrolls of teleportation
Potions
 d - 2 potions of degeneration
 e - 2 potions of resistance
 h - 4 potions of flight
 m - a potion of lignification
 n - a potion of heal wounds
 o - 2 potions of mutation
 p - 2 potions of might
 q - 5 potions of curing
 s - a potion of magic
 A - a potion of brilliance


   Skills:
 + Level 9.7 Fighting
 - Level 3.8(7.1) Axes
 + Level 9.5(9.8) Polearms
 - Level 1.5 Dodging
 + Level 9.2 Spellcasting
 + Level 7.0 Conjurations


You had 22 spell levels left.
You knew the following spells:

 Your Spells              Type           Power      Damage    Failure   Level
a - Kiss of Death         Conj/Necr      80%        2d11      1%          1
b - Momentum Strike       Conj/Tloc      40%        3d9       3%          2
c - Hailstorm             Conj/Ice       20%        3d6       6%          3

Your spell library contained the following spells:

 Spells                   Type           Power      Damage    Failure   Level
 Magic Dart               Conj           100%       1d8       1%          1
 Searing Ray              Conj           66%        2d6       1%          2
 Freeze                   Ice            32%        1d5       9%          1
 Slow                     Hex            32%        N/A       9%          1
 Ensorcelled Hibernation  Hex/Ice        16%        N/A       13%         2
 Passwall                 Tmut/Erth      6%         N/A       13%         2
 Sublimation of Blood     Necr           8%         N/A       13%         2
 Fulminant Prism          Conj/Hex       10%        3d8       21%         4
 Call Canine Familiar     Summ           8%         N/A       26%         3
 Confusing Touch          Hex            8%         N/A       26%         3
 Frozen Ramparts          Ice            16%        1d3       26%         3
 Swiftness                Air            8%         N/A       26%         3
 Vampiric Draining        Necr           8%         2d6       26%         3
 Irradiate                Conj/Tmut      10%        3d15      50%         5
 Lightning Bolt           Conj/Air       10%        1d23      50%         5
 Airstrike                Air            4%         2d(1-17)  65%         4
 Leda's Liquefaction      Hex/Erth       4%         N/A       65%         4
 Petrify                  Tmut/Erth      8%         N/A       65%         4
 Summon Ice Beast         Ice/Summ       8%         N/A       65%         4
 Summon Lightning Spire   Summ/Air       8%         N/A       65%         4
 Metabolic Englaciation   Hex/Ice        4%         N/A       94%         5


Dungeon Overview and Level Annotations

Branches:
Dungeon (10/15)            Temple (1/1) D:7
   Lair: D:8-11         Orc: D:9-12

Altars:
Ashenzari
Cheibriados
Dithmenos
Elyvilon
Fedhas
Gozag
Hepliaklqana
Kikubaaqudgha
Makhleb
Nemelex Xobeh
Okawaru
Qazlal
Ru
Sif Muna
Trog
Uskayaw
Vehumet
Wu Jian
Xom
Yredelemnul
Zin
The Shining One

Shops:
D:2 :   D:4 =   D:6 =

Annotations:
D:10 2 transporters


Innate Abilities, Weirdness & Mutations

Your serpentine skin is tough. (AC +3)
You have supernaturally acute eyesight. (SInv)
Armour fits poorly on your strangely shaped body.
Your system is resistant to poisons. (rPois)
You cover ground very slowly.
You can spit poison.
You have somewhat slow reflexes. (EV -5)
You have a snake-like lower body.


Message History

The roots release their grip on the ogre.
Lodul hits you with a +0 dire flail!!
* * * LOW HITPOINT WARNING * * *
An ogre comes into view. It is wielding a +0 giant spiked club.
Unknown command.
You feel much better.
The grasping roots constrict Lodul!
The roots release their grip on Lodul.
Lodul hits you with a +0 dire flail.
Okay, then.
Casting: Kiss of Death (safe; 2% risk of failure)
Confirm with . or Enter, or press ? or * to list all spells.
Aiming: Kiss of Death (safe; 2% risk of failure)
Press: ? - help, Shift-Dir - straight line, f/p - Lodul
Aim: Lodul, wielding a +0 dire flail (heavily wounded, 100% to hit)
The negative energy hits Lodul.
Lodul is drained!
Lodul is severely wounded.
You feel drained.
Unknown command.
Casting: Kiss of Death (safe; 2% risk of failure)
Confirm with . or Enter, or press ? or * to list all spells.
Aiming: Kiss of Death (safe; 2% risk of failure)
Press: ? - help, Shift-Dir - straight line, f/p - Lodul
Aim: Lodul, wielding a +0 dire flail (severely wounded, lightly drained, 100% to hit)
The negative energy hits Lodul!
Lodul is drained!
Lodul is almost dead.
You feel drained.
You have got your breath back.
Lodul hits you with a +0 dire flail!
Unknown command.
You completely miss Lodul.
Lodul is almost dead.
You hit Lodul.
Lodul is almost dead.
Lodul hits you with a +0 dire flail.
You hit Lodul.
You kill Lodul!
Your Conjurations skill increases to level 7!
You barely miss the ogre.
The ogre is moderately wounded.
The ogre hits you with a +0 giant club!!
You die...

#.#.###.# ##.....##
##.# #.#.#.#)#
##.......## ###..#####
##.......#
#.........###........#
....#.....
+.........'.......##.#
##.......#
#.........###....##
#.#.#.#.# #.......##
#.#.## #.#.###.#
##.....## #.#..# #....
##...## #...... ###.##
##@## ####.### #O# .#
#O# #O#


OO. .O. ... ##.## You could see 6 ogres.

Vanquished Creatures
  A two-headed ogre (D:8)
  Lodul (D:10)
  Pikel (D:5)
  2 ugly things (D:8)
  A cyclops (D:10)
  Maurice (D:8)
  Joseph (D:8)
  An efreet (D:8)
  3 hornets
  Grinder (D:4)
  A troll (D:8)
  2 shadows
  Eustachio (D:4)
  2 wyverns
  5 yaks (D:8)
  Edmund (D:5)
  A water moccasin (D:6)
  An acid dragon (D:8)
  Duvessa (D:6)
  3 black bears
  An ice beast (D:6)
  2 ogres
  A centaur (D:7)
  2 kobold brigands
  A lemure (D:5)
  9 bullfrogs
  3 scorpions
  A necrophage (D:5)
  7 wights
  Dowan (D:6)
  12 killer bees
  7 howler monkeys
  7 jellies
  Crazy Yiuf (D:7)
  2 orc priests
  4 hounds
  3 orc wizards (D:8)
  10 gnolls
  8 adders
  2 white imps
  3 ufetubi
  2 worms (D:5)
  A dart slug (D:3)
  20 orcs
  5 ball pythons
  6 bats (D:1)
  6 endoplasms
  3 giant cockroaches
  5 goblins
  3 hobgoblins
  3 jackals (D:4)
  6 quokkas
  4 frilled lizards
  27 kobolds
  12 rats
221 creatures vanquished.

Vanquished Creatures (others)
  An orc (D:6)
1 creature vanquished.

Grand Total: 222 creatures vanquished

Notes
Turn   | Place    | Note
-------+----------+-------------------------------------------
     0 | D:1      | tsouns the Naga Reaver began the quest for the Orb.
     0 | D:1      | Reached XP level 1. HP: 19/19 MP: 3/3
   154 | D:1      | Reached XP level 2. HP: 24/26 MP: 5/5
   198 | D:1      | Learned a level 2 spell: Momentum Strike
   571 | D:1      | Reached XP level 3. HP: 23/32 MP: 6/6
  1017 | D:2      | Identified the +12 spear "Tuqyl" {vorpal, +Blink rN++ Str-3
                  | Int+3}
  1207 | D:2      | Reached XP level 4. HP: 29/33 MP: 8/8
  1585 | D:2      | Found Gukacs's Book Boutique.
  1816 | D:2      | Reached skill level 1 in Polearms
  2038 | D:3      | Identified the +2 robe of Forking Paths {rCorr Int-2 Dex+2}
  2059 | D:3      | Learned a level 3 spell: Hailstorm
  2455 | D:4      | Reached XP level 5. HP: 42/45 MP: 8/10
  2525 | D:4      | Reached XP level 6. HP: 35/56 MP: 11/11
  2708 | D:4      | Noticed Grinder
  2717 | D:4      | Killed Grinder
  2718 | D:4      | Reached XP level 7. HP: 54/64 MP: 11/13
  2775 | D:4      | Found Haemapod's Jewellery Boutique.
  2877 | D:4      | Noticed Eustachio
  2884 | D:4      | Killed Eustachio
  3143 | D:5      | Entered Level 5 of the Dungeon
  3143 | D:5      | Noticed Edmund
  3157 | D:5      | Killed Edmund
  3158 | D:5      | Reached skill level 5 in Spellcasting
  3238 | D:5      | Reached XP level 8. HP: 72/73 MP: 15/15
  3271 | D:5      | Reached skill level 5 in Fighting
  3599 | D:5      | Noticed Pikel
  3608 | D:5      | Killed Pikel
  3609 | D:5      | Reached skill level 5 in Polearms
  4244 | D:5      | Found a broken altar of Ashenzari.
  4244 | D:5      | Found a snail-covered altar of Cheibriados.
  4459 | D:6      | Noticed Duvessa
  4459 | D:6      | Noticed Dowan
  4462 | D:6      | Reached XP level 9. HP: 83/84 MP: 18/18
  4469 | D:6      | Killed Dowan
  4472 | D:6      | Killed Duvessa
  4693 | D:6      | Found Cueroed's Jewellery Emporium.
  4980 | D:6      | Found a sparkling altar of Nemelex Xobeh.
  5149 | D:6      | Found a blossoming altar of Fedhas.
  5150 | D:6      | Found a glowing silver altar of Zin.
  5835 | D:7      | Reached XP level 10. HP: 94/96 MP: 21/21
  5989 | D:7      | Found a runed translucent door.
  5990 | D:7      | Noticed Crazy Yiuf
  6056 | D:7      | Found a staircase to the Ecumenical Temple.
  6186 | Temple   | Entered the Ecumenical Temple
  6372 | Temple   | Became a worshipper of Ru the Awakened
  6767 | D:7      | Killed Crazy Yiuf
  6943 | D:8      | Noticed Joseph
  6961 | D:8      | Killed Joseph
  7386 | D:8      | Noticed Maurice
  7411 | D:8      | Killed Maurice
  7590 | D:8      | Reached skill level 5 in Conjurations
  8110 | D:8      | Noticed a two-headed ogre
  8338 | D:8      | Killed a two-headed ogre
  8339 | D:8      | Reached XP level 11. HP: 50/81 MP: 23/23
  8521 | D:8      | Noticed a purple ugly thing
  8627 | D:8      | Noticed a red ugly thing
  8635 | D:8      | Killed a purple ugly thing
  8641 | D:8      | Killed a purple ugly thing
  8739 | D:8      | Found the ring of the Octopus King
  8742 | D:8      | Got the Verses on Calling and Bewitchment
  8745 | D:8      | Identified a ring of the Octopus King {rCorr HP+2 AC+2 EV+2
                  | SH+2}
  8953 | D:9      | Identified the +2 scale mail of the Trout {Will+ Str+4
                  | Int-2 Stlth+}
  8988 | D:9      | Gained mutation: You have somewhat slow reflexes. (EV -5)
                  | [Ru sacrifice]
  8988 | D:9      | Reached * piety under Ru
  9525 | D:10     | Entered Level 10 of the Dungeon
  9574 | D:10     | Noticed a cyclops
  9591 | D:10     | Killed a cyclops
 10034 | D:10     | Found a transporter.
 10035 | D:10     | Found a transporter.
 10142 | D:10     | Noticed Lodul
 10154 | D:10     | Killed Lodul
 10155 | D:10     | Slain by an ogre

Illustrated notes

Levels and vault maps discovered:
D:1:      minmay_arrival_jagged, layout_basic
D:2:      layout_basic, serial_shops, shop, minmay_misc_feat_diagonals
D:3:      layout_basic, minmay_misc_feat_secret_circle
D:4:      layout_gridville, serial_shops, shop, uniq_eustachio, uniq_grinder
D:5:      layout_gridville, amethyst_overflow_temple_binary, uniq_pikel,
          uniq_edmund
D:6:      layout_rooms, gammafunk_temple_overflow_pools,
          nemelex_diamond_rough_becter, nicolae_stop_n_shop_1, uniq_duvessa
D:7:      layout_loops_ring, minmay_temple_entry_nine_rooms, serial_rivers,
          chequers_serial_rivers_room_a, chequers_serial_rivers_marsh,
          chequers_serial_rivers_micro_b, chequers_serial_rivers_micro_a,
          minmay_stone_trees_small, st_stairs_11, minmay_misc_feat_alley,
          uniq_crazy_yiuf_cottage
D:8:      minmay_the_grid_octo_triangle [minmay_the_grid_octo_fat_diamond,
          minmay_the_grid_octo_prize_single_spiral, minmay_the_grid_octo_focus],
          layout_basic, uniq_maurice, uniq_joseph
D:9:      layout_long_grid, nicolae_water_bricks
D:10:     layout_loops_corners, serial_nicolae_subway,
          nicolae_sub_station_stone, nicolae_sub_station_crystal,
          nicolae_sub_station_metal, uniq_lodul
Temple:   bh_familiar_temple

Skill      XL: |  1  2  3  4  5  6  7  8  9 10 11 |
---------------+----------------------------------+-----
Spellcasting   | 3 4 5 6 7 8 9 |  9.2
Polearms       | 1 2 3 4 5 7 8 9 |  9.5
Fighting       | 3 4 6 7 9 |  9.7
Conjurations   | 6 7 |  7.0
Axes           | |  3.8
Dodging        | |  1.5

Action                   |  1- 3 |  4- 6 |  7- 9 | 10-12 || total
-------------------------+-------+-------+-------+-------++-------
Melee: Hand axe          |    69 |       |       |       ||    69
       Spear             |    15 |    69 |   216 |   234 ||   534
       Punch             |       |       |     1 |       ||     1
 Cast: Kiss of Death     |     2 |       |     3 |    11 ||    16
       Hailstorm         |       |       |     1 |     2 ||     3
       Momentum Strike   |       |       |     1 |       ||     1
Invok: Sacrifice Health  |       |       |       |     1 ||     1
 Abil: Spit Poison       |       |       |       |     2 ||     2
Evoke: Wand              |       |       |     3 |    24 ||    27
  Use: Scroll            |       |       |    16 |     7 ||    23
       Potion            |       |       |       |     6 ||     6
 Stab: Paralysed         |       |       |     1 |     9 ||    10
       Sleeping          |       |       |     2 |     3 ||     5
Armor: Leather armour    |    17 |     2 |       |       ||    19
       Robe              |       |     6 |    41 |    41 ||    88
Dodge: Dodged            |    46 |    15 |    56 |    53 ||   170
       Repelled          |       |       |     1 |       ||     1
Block: Other             |       |       |       |    11 ||    11

Table legend: (Time is in decaauts)
 A = Elapsed time spent in this place.
 B = Non-inter-level travel time spent in this place.
 C = Inter-level travel time spent in this place.
 D = Time resting spent in this place.
 E = Time spent auto-exploring this place.
 F = Levels seen in this place.
 G = Mean time per level.
                   A        B        C        D        E       F      G
               +--------+--------+--------+--------+--------+-----+--------+
         Total |  12492 |  12050 |    442 |     91 |  10424 |  11 | 1135.6 |
       Dungeon |  12213 |  11833 |    380 |     91 |  10218 |  10 | 1221.3 |
        Temple |    279 |    217 |     62 |      0 |    206 |   1 |  279.0 |
               +--------+--------+--------+--------+--------+-----+--------+

Top non-repeatable levels by time:
     D:8: 2154 daAuts
     D:5: 1870 daAuts
     D:7: 1502 daAuts
     D:2: 1421 daAuts
     D:6: 1000 daAuts
     D:9: 948 daAuts
     D:1: 941 daAuts
     D:4: 890 daAuts
     D:3: 778 daAuts
    D:10: 704 daAuts
  Temple: 279 daAuts
